Map: Catalyseur EC

Players

HoldTheDoor - Winner!

  • Race: Protoss Protoss
  • League: Diamond
  • Spawn Location: 5:00

Lou

  • Race: Zerg Zerg
  • League: Platinum
  • Spawn Location: 11:00

VOD

Have the link to the VOD?

Description

Time

  • Played on: July 8, 2018, 12:02 p.m.
  • Length: 8:17
Show
View Real Time Build Order
Export as new Build Order

HoldTheDoor Protoss - Winner!

Build Orders: 1 Gate Expand 

Get SALT Encoding   

  12  0:00  Probe  
  13  0:13  Probe  
  14  0:20  Pylon  
  14  0:25  Probe  
  15  0:37  Probe  
  16  0:45  Probe, Gateway  
  16  0:46  Assimilator  
  17  0:53  Probe  
  17  1:02  Pylon  
  18  1:05  Probe  
  19  1:21  Probe  
  20  1:35  Nexus  
  20  1:40  Cybernetics Core  
  20  1:43  Probe  
  21  1:48  Assimilator  
  21  1:57  Probe, Pylon  
  22  2:11  Probe  
  23  2:16  Adept  
  23  2:17  Warp Gate  
  25  2:23  Probe  
  25  2:25  Pylon  
  26  2:35  Probe  
  27  2:38  Twilight Council  
  27  2:46  Sentry  
  27  2:47  Probe  
  27  2:50  Probe  
  31  2:59  Probe  
  31  3:02  Probe  
  31  3:04  Gateway  
  33  3:14  Robotics Facility  
  33  3:15  Probe  
  34  3:20  Adept  
  34  3:22  Probe  
  37  3:27  Resonating Glaives  
  37  3:29  Probe  
  38  3:37  Probe  
  39  3:41  Probe  
  39  3:43  Gateway  
  40  3:49  Probe  
  40  3:55  Probe  
  42  4:01  Warp Prism  
  44  4:02  Pylon  
  44  4:07  Probe, Gateway  
  44  4:08  Probe  
  46  4:12  Pylon  
  46  4:19  Probe  
  47  4:25  Sentry x2  
  47  4:27  Probe  
  52  4:32  Pylon  
  52  4:36  Immortal  
  52  4:47  Probe  
  52  4:48  Probe  
  52  4:49  Adept x3  
  64  4:59  Probe  
  65  5:00  Probe  
  65  5:04  Gateway  
  65  5:05  Gateway  
  66  5:07  Gateway  
  66  5:08  Gateway  
  66  5:14  Pylon  
  66  5:16  Pylon  
  70  5:21  Immortal  
  70  6:04  Immortal  
  70  6:11  Adept x4  
  82  6:43  Immortal  
  86  6:54  Pylon  
  86  6:56  Pylon  
  86  6:58  Pylon  
  86  7:00  Pylon  
  86  7:07  Pylon  
  86  7:08  Pylon x2, Adept x2  
  86  7:09  Adept x2, Pylon  
  86  7:10  Pylon  
  94  7:17  Adept x4  
  94  7:18  Pylon  
  94  7:20  Pylon  
  102  7:36  Adept x4  
  110  7:37  Adept x3  
  110  7:38  Adept  
  114  7:57  Adept x4  
  114  7:58  Adept x4  
Show
View Real Time Build Order
Export as new Build Order

Lou Zerg 

Build Orders: Pool First 

Get SALT Encoding   

  12  0:01  Drone  
  13  0:13  Overlord  
  13  0:19  Drone  
  14  0:31  Drone x2  
  14  0:34  Drone  
  17  0:45  Drone  
  18  0:59  Spawning Pool  
  18  1:01  Extractor  
  16  1:19  Hatchery  
  15  1:41  Hatchery  
  14  1:48  Drone  
  14  1:49  Drone  
  14  1:52  Drone  
  17  2:07  Metabolic Boost  
  17  2:15  Zergling x4  
  19  2:22  Zergling x2  
  20  2:32  Queen, Drone  
  20  2:34  Drone  
  24  2:41  Queen  
  26  2:48  Overlord  
  26  2:54  Overlord  
  26  3:00  Drone x2  
  27  3:15  Drone  
  27  3:16  Roach Warren  
  27  3:18  Drone  
  27  3:19  Drone  
  29  3:29  Drone x3  
  29  3:32  Drone  
  33  3:38  Drone x3  
  36  3:41  Drone  
  36  3:45  Drone  
  38  3:49  Drone  
  38  3:52  Drone x2  
  41  4:09  Drone x4  
  48  4:10  Drone x3  
  48  4:12  Overlord  
  48  4:16  Lair  
  49  4:24  Drone  
  49  4:26  Overlord x2  
  49  4:32  Queen  
  49  4:34  Queen  
  53  4:40  Extractor, Drone  
  53  4:41  Drone x3  
  53  4:44  Drone  
  53  4:45  Extractor, Drone  
  56  4:46  Drone  
  56  4:48  Drone  
  59  4:59  Extractor, Drone  
  59  5:00  Drone  
  59  5:01  Drone x2  
  59  5:03  Drone x2  
  64  5:09  Queen  
  64  5:13  Hatchery  
  64  5:36  Spore Crawler  
  59  5:45  Drone x2  
  59  5:47  Drone x6  
  65  6:12  Spore Crawler  
  65  6:13  Spine Crawler  
  65  6:16  Roach  
  65  6:21  Glial Reconstitution  
  65  6:33  Extractor, Drone x5  
  65  6:34  Drone x2  
  65  6:37  Overlord x3  
  71  6:50  Overlord x3  
  71  6:51  Overlord x7  
  71  6:56  Zergling x2  
  71  6:57  Zergling x2  
  71  6:58  Zergling x2  
  74  7:02  Drone  
  74  7:03  Extractor, Drone x2  
  74  7:04  Drone  
  77  7:16  Infestation Pit  
  77  7:18  Hydralisk Den  
  75  7:24  Roach  
  75  7:25  Roach x13  
  75  7:26  Spire, Evolution Chamber  
  75  7:27  Evolution Chamber  
  100  7:35  Roach  
  100  7:36  Roach x5  
  109  7:41  Roach x4  
  105  7:57  Roach  
  105  7:58  Roach x6  
Tags
 
Add a new tag
Caveats
  • Supply blocks, unpowered buildings, or Contaminate may cause inaccurate times.
  • Supply counts are checked every 10 seconds.